 Dungeon Crawl Stone Soup version 0.19-a0-1341-g3513869 (webtiles) character file.

9200 Amnesiac the Severer (level 11, 0/138 HPs)
             Began as a Hill Orc Monk on Sept 1, 2016.
             Was a High Priest of Okawaru.
             Succumbed to a killer bee's poison
             ... on level 10 of the Dungeon.
             The game lasted 00:23:33 (11412 turns).

Amnesiac the Severer (Hill Orc Monk)               Turns: 11412, Time: 00:23:34

Health: 0/138      AC: 17    Str: 20    XL:     11   Next: 42%
Magic:  11/11      EV: 12    Int: 12    God:    Okawaru [*****.]
Gold:   579        SH:  0    Dex: 16    Spells: 0 memorised, 10 levels left

rFire  . . .     SeeInvis .     M - +2 battleaxe
rCold  + . .     Gourm    .     L - +4 ring mail {rC+}
rNeg   . . .     Faith    .     (shield currently unavailable)
rPois  .         Spirit   .     i - +2 helmet
rElec  .         Dismiss  .     (no cloak)
rCorr  .         Reflect  .     (no gloves)
MR     .....     Harm     .     J - +1 pair of boots
Stlth  .......... Rnd*Rage +    (no amulet)
                                (no ring)
                                C - ring of flight

@: berserking (expiring), lethally poisoned (0 -> -16), very quick
A: hooves 2, molten scales 1, berserk 1, clever 1, shaggy fur 1
a: Heroism, Finesse, Renounce Religion, Evoke Flight


You were on level 10 of the Dungeon.
You worshipped Okawaru.
Okawaru was extremely pleased with you.
You were not hungry.

You visited 1 branch of the dungeon, and saw 10 of its levels.

You collected 579 gold pieces.

Inventory:

Hand Weapons
 k - a +3 demon whip of venom
 q - a +1 whip of electrocution
 v - the +5 lajatang of Disharmony {vamp, Int+3}
   (Okawaru gifted it to you on level 10 of the Dungeon)

   It inflicts no extra harm, but heals its wielder somewhat when it strikes a
   living foe.
   It affects your intelligence (+3).
 M - a +2 battleaxe (weapon)
Missiles
 E - 3 throwing nets (quivered)
 I - 8 curare-tipped needles
Armour
 i - a +2 helmet (worn)
 l - a +0 shield
 x - a quicksilver dragon hide
 J - a +1 pair of boots (worn)
 L - a +4 ring mail of cold resistance (worn)
Jewellery
 C - a ring of flight (left hand)
 K - an uncursed amulet of dismissal
 N - an uncursed amulet of the gourmand {unknown}
Wands
 a - a wand of flame (26/48)
 b - a wand of hasting (9/9)
 s - a wand of random effects (32/48)
 z - a wand of lightning (7/15)
 G - a wand of acid (3/15)
Scrolls
 d - 2 scrolls of amnesia
 e - a scroll of immolation
 g - 2 scrolls of blinking
 o - 2 scrolls of teleportation
 p - a scroll of silence {unknown}
 t - a scroll of recharging
 w - 2 scrolls of identify
 y - a scroll of enchant weapon {unknown}
 B - a scroll of torment {unknown}
 F - a scroll of fog
 H - a scroll of remove curse
Potions
 h - a potion of curing
 j - 2 potions of flight
 m - a potion of berserk rage
 n - 3 potions of haste
 A - a potion of beneficial mutation
Comestibles
 c - 6 bread rations
 f - a beef jerky
 r - a slice of pizza
 D - a royal jelly


   Skills:
 - Level 7.4 Fighting
 + Level 19.8 Axes
 - Level 2.4 Dodging
 - Level 1.5 Stealth


You had 10 spell levels left.
You didn't know any spells.

Dungeon Overview and Level Annotations

Branches:
Dungeon (10/15)            Temple (0/1) D:4            Lair (0/6) D:10
    Orc: D:9-12

Altars:
Gozag
Hepliaklqana
Okawaru
Qazlal
Ru
Xom

Shops:
D:10 *


Innate Abilities, Weirdness & Mutations

You have hoof-like feet.
You are partially covered in molten scales. (AC +2)
You tend to lose your temper in combat.
Your mind is acute. (Int +2)
You are covered in fur. (AC +1)


Message History

Okawaru accepts your kill.
* * * LOW HITPOINT WARNING * * *
You feel sick.
You barely miss the killer bee.
* * * LOW HITPOINT WARNING * * *
You feel sick. The killer bee closely misses you.
Unknown command.
You are too berserk!
You closely miss the killer bee.
* * * LOW HITPOINT WARNING * * *
You feel sick. The killer bee misses you.
Unknown command.
You barely miss the killer bee. You slash the killer bee!
The killer bee barely misses you.
Unknown command.
You slice the killer bee!!
You kill the killer bee!
Okawaru accepts your kill.
You miss the killer bee.
You die...

........#
#......#####...##
##+####.# #.....(# ##..8#
#.###......# #.<.#
#.#.'....>.# ##..8#
#.#.#......#####...##
#...#.........#8..##
#######.###(.....##....##
........# ####'######8##
##.###### #.†@# ### ...#
###y# ######


yyy .....###### .yyy? ........... .$..%%. ###..#####. ....%.... ..#..#
+...../...# ..#..# #.......%.# ..#..# You could see 7 killer bees.

Vanquished Creatures
  The ghost of Aquadorian the Basher, a novice OgFi of the Shining One (D:10)
  An unseen horror (D:10)
  The ghost of st0uf the Skirmisher, a novice MiFi of Uskayaw (D:7)
  The ghost of Ruebezahl the Skirmisher, a novice MiFi (D:5)
  A queen bee (D:10)
  A troll (D:10)
  A two-headed ogre (D:9)
  3 yaks (D:9)
  Grum (D:8)
  A hippogriff (D:7)
  A hungry ghost (D:7)
  A water moccasin (D:8)
  2 hell hounds (D:10)
  4 orc warriors
  2 phantoms
  A necrophage (D:10)
  An ice beast (D:9)
  4 black bears
  3 sky beasts
  5 ogres
  2 wolves (D:8)
  3 centaurs
  A giant frog (D:7)
  A gnoll sergeant (D:8)
  4 scorpions
  23 killer bees
  4 wights (D:8)
  A howler monkey (D:4)
  A crimson imp (D:8)
  A giant frog zombie (D:10)
  A jelly (D:6)
  A centaur zombie (D:6)
  A gnoll shaman (D:8)
  2 centaur skeletons
  2 orc priests
  6 hounds
  4 iguanas
  10 orc wizards
  5 worker ants
  A killer bee zombie (D:7)
  A hound zombie (D:7)
  2 howler monkey zombies
  17 gnolls
  10 adders
  A howler monkey skeleton (D:7)
  A shadow imp (D:8)
  6 oozes
  An adder skeleton (D:6)
  5 worms
  4 dart slugs
  7 giant geckos
  38 orcs
  3 ball pythons
  10 bats
  12 giant cockroaches
  4 goblins
  8 hobgoblins
  21 jackals
  2 quokkas
  2 giant gecko skeletons
  3 giant newts
  9 kobolds
  A quokka skeleton (D:7)
  8 rats
286 creatures vanquished.

Notes
Turn   | Place    | Note
-------+----------+-------------------------------------------
     0 | D:1      | Amnesiac the Hill Orc Monk began the quest for the Orb.
     0 | D:1      | Reached XP level 1. HP: 19/19 MP: 1/1
   245 | D:1      | Reached XP level 2. HP: 26/27 MP: 2/2
   579 | D:2      | Reached skill level 5 in Axes
   612 | D:2      | Reached XP level 3. HP: 31/33 MP: 3/3
   957 | D:3      | Found a sacrificial altar of Ru.
   979 | D:3      | Found an opulent altar of Gozag.
   985 | D:3      | Found a stormy altar of Qazlal.
   986 | D:3      | Found an iron altar of Okawaru.
   993 | D:3      | Became a worshipper of Warmaster Okawaru
   993 | D:3      | Reached * piety under Okawaru
   993 | D:3      | Reached ** piety under Okawaru
  1410 | D:1      | Reached XP level 4. HP: 40/40 MP: 4/4
  1435 | D:1      | Reached skill level 6 in Axes
  2060 | D:2      | Reached skill level 7 in Axes
  2060 | D:2      | Reached XP level 5. HP: 40/46 MP: 5/5
  2868 | D:3      | Reached skill level 8 in Axes
  3091 | D:4      | Found a staircase to the Ecumenical Temple.
  3225 | D:4      | Reached XP level 6. HP: 43/52 MP: 6/6
  3342 | D:4      | Noticed a phantom
  3372 | D:4      | Killed a phantom
  3372 | D:4      | Reached skill level 9 in Axes
  3530 | D:4      | Reached XP level 7. HP: 48/59 MP: 7/7
  3620 | D:5      | Entered Level 5 of the Dungeon
  3656 | D:5      | Reached skill level 10 in Axes
  3717 | D:5      | Reached *** piety under Okawaru
  3732 | D:5      | Noticed Ruebezahl's ghost (novice MiFi)
  3914 | D:5      | Killed Ruebezahl's ghost
  3914 | D:5      | Reached skill level 11 in Axes
  4047 | D:5      | Reached XP level 8. HP: 58/66 MP: 8/8
  4271 | D:5      | Reached skill level 12 in Axes
  4902 | D:5      | Reached **** piety under Okawaru
  5092 | D:6      | Reached skill level 13 in Axes
  5259 | D:6      | Reached skill level 14 in Axes
  5259 | D:6      | Reached XP level 9. HP: 43/71 MP: 9/9
  5446 | D:6      | Reached skill level 5 in Fighting
  5802 | D:6      | Got a jade-encrusted ring mail
  5813 | D:6      | Identified the +3 ring mail of Masochism {Str+8} (You found it on level 6 of the Dungeon)
  6154 | D:6      | Received a gift from Okawaru
  6354 | D:7      | Found a hazy altar of Hepliaklqana.
  6355 | D:7      | Found a shimmering altar of Xom.
  6356 | D:7      | Noticed a spectral ugly thing
  6714 | D:7      | Paralysed by fainting for 6 turns
  6755 | D:7      | Noticed st0uf's ghost (novice MiFi)
  6777 | D:7      | Killed st0uf's ghost
  6777 | D:7      | Reached ***** piety under Okawaru
  6822 | D:7      | Reached skill level 15 in Axes
  7237 | D:8      | Noticed Grum
  7251 | D:7      | Gained mutation: Your mind is acute. (Int +2) [mutagenic meat]
  7254 | D:7      | Lost mutation: Your mind is acute. (Int +2) [mutagenic meat]
  7257 | D:7      | Gained mutation: You possess an exceptional clarity of mind. [mutagenic meat]
  7260 | D:7      | Gained mutation: You are partially covered in molten scales. (AC +2) [mutagenic meat]
  7263 | D:7      | Gained mutation: You have large cloven feet. [mutagenic meat]
  7266 | D:7      | Gained mutation: You are clumsy. (Dex -2) [mutagenic meat]
  7562 | D:8      | Reached XP level 10. HP: 67/86 MP: 10/10
  7615 | D:8      | Reached skill level 16 in Axes
  7709 | D:8      | Received a gift from Okawaru
  7975 | D:8      | Killed Grum
  8292 | D:8      | Reached skill level 17 in Axes
  9934 | D:9      | Reached skill level 18 in Axes
 10243 | D:10     | Entered Level 10 of the Dungeon
 10340 | D:10     | Found Potub's General Store.
 10441 | D:10     | Found a staircase to the Lair.
 10444 | D:10     | Noticed Aquadorian's ghost (novice OgFi)
 10473 | D:10     | Gained mutation: You tend to lose your temper in combat. [potion of mutation]
 10473 | D:10     | Lost mutation: You possess an exceptional clarity of mind. [potion of mutation]
 10480 | D:10     | Killed Aquadorian's ghost
 10480 | D:10     | Reached XP level 11. HP: 17/92 MP: 11/11
 10891 | D:10     | Reached skill level 19 in Axes
 10991 | D:10     | Killed an unseen horror
 10991 | D:10     | Received a gift from Okawaru
 11018 | D:10     | Got a jewelled lajatang {god gift}
 11019 | D:10     | Identified the +5 lajatang of Disharmony {vamp, Int+3} (Okawaru gifted it to you on level 10 of the Dungeon)
 11309 | D:10     | Gained mutation: Your mind is acute. (Int +2) [mutagenic meat]
 11312 | D:10     | Gained mutation: You are covered in fur. (AC +1) [mutagenic meat]
 11315 | D:10     | Gained mutation: You have hoof-like feet. [mutagenic meat]
 11318 | D:10     | Lost mutation: You are clumsy. (Dex -2) [mutagenic meat]
 11406 | D:10     | HP: 5/138 [killer bee (5)]
 11408 | D:10     | HP: 2/138 [poisoned by a killer bee]
 11412 | D:10     | Succumbed to a killer bee's poison

Vault maps used:
D:1:      roderic_crop_circles_arrival_small, st_stairs_1
D:2:      minmay_tall_x
D:3:      minitemple, nicolae_ru_awakened_eye
D:4:      kennysheep_six_static_rooms
D:5:      first_bread
D:6:      gup_sewer_entry_spiral, feat_on_display
D:7:      regret_index_temple_of_mockery
D:8:      uniq_grum
D:10:     minmay_lair_entry_lava, serial_shops, nicolae_shop_waterfront,
          grunt_ministairs_8, kennysheep_minor_cross

Skill      XL: |  1  2  3  4  5  6  7  8  9 10 11 |
---------------+----------------------------------+-----
Fighting       | 4 7 |  7.4
Axes           | 5 7 8 9 11 14 15 18 19 | 19.8
Dodging        | |  2.4
Stealth        | |  1.5

Action                   |  1- 3 |  4- 6 |  7- 9 | 10-12 || total
-------------------------+-------+-------+-------+-------++-------
Melee: Hand axe          |   118 |       |       |       ||   118
       Mace              |    36 |    42 |       |       ||    78
       Whip              |       |   175 |   398 |    72 ||   645
       War axe           |       |       |    10 |       ||    10
       Battleaxe         |       |       |       |   243 ||   243
       Demon whip        |       |       |       |    10 ||    10
  Use: Scroll            |       |       |       |    19 ||    19
       Potion            |       |       |       |     8 ||     8
 Stab: Sleeping          |     7 |       |       |     1 ||     8
       Distracted        |       |       |       |     1 ||     1
  Eat: Chunk             |     2 |     5 |    18 |    19 ||    44
       Royal jelly       |       |       |     1 |       ||     1
       Pizza             |       |       |     1 |       ||     1
Armor: Robe              |    27 |       |       |       ||    27
       Plate armour      |    26 |   155 |    52 |       ||   233
       Scale mail        |       |       |    49 |       ||    49
       Ring mail         |       |       |    61 |   152 ||   213
       Skin              |       |       |       |     5 ||     5
Dodge: Dodged            |   111 |    41 |   139 |   162 ||   453
